 Dungeon Crawl Stone Soup version 0.29.1-12-g30fa7ad0bf (webtiles) character file.

Game seed: 7915426377069671018

39 RapScallion the Trooper (level 3, 0/33 HPs)
             Began as a Hill Orc Fighter on Jan 18, 2023.
             Slain by Robin
             ... wielding a +0 trident
              (2 damage)
             ... on level 2 of the Dungeon.
             The game lasted 00:03:48 (1138 turns).

RapScallion the Trooper (Hill Orc Fighter)          Turns: 1138, Time: 00:03:49

Health: 0/33       AC:  7    Str: 20    XL:     3   Next: 45%
Magic:  3/3        EV:  9    Int:  8    God:
Gold:   67         SH:  4    Dex: 10    Spells: 2/2 levels left

rFire   + . .      SeeInvis .   a - +0 war axe
rCold   . . .      Faith    .   c - +0 buckler
rNeg    . . .      Spirit   .   b - +0 scale mail
rPois   .          Reflect  .   (no helmet)
rElec   .          Harm     .   (no cloak)
rCorr   .          Rampage  .   (no gloves)
Will    .....                   (no boots)
Stlth   ..........              (no amulet)
HPRegen 0.11/turn               h - ring of protection from fire
MPRegen 0.08/turn               (no ring)

@: mighty
A: no striking features
a: no special abilities


You were on level 2 of the Dungeon.
You visited 1 branch of the dungeon, and saw 2 of its levels.

You collected 67 gold pieces.

Inventory:

Hand Weapons
 a - a +0 war axe (weapon)
Armour
 b - a +0 scale mail (worn)
 c - a +0 buckler (worn)
Jewellery
 h - a ring of protection from fire (left hand)
Scrolls
 e - 2 scrolls of identify
 i - 2 scrolls of magic mapping
Potions
 f - a potion of ambrosia
 g - a potion of lignification


   Skills:
 + Level 4.0 Fighting
 + Level 3.6 Axes
 + Level 3.7 Armour
 + Level 0.1 Dodging
 + Level 3.7 Shields


You had 2 spell levels left.
You didn't know any spells.
Your spell library contained the following spells:

 Spells                   Type           Power      Damage    Failure   Level
 Beastly Appendage        Tmut           0%         N/A       85%         1
 Shock                    Conj/Air       0%         1d3       85%         1
 Poisonous Vapours        Pois/Air       0%         N/A       94%         2
 Wereblood                Tmut           0%         N/A       94%         2
 Spider Form              Tmut/Pois      0%         N/A       99%         3
 Swiftness                Air            0%         N/A       99%         3
 Airstrike                Air            0%         2d(0-16)  100%        4
 Corpse Rot               Necr/Pois/Air  0%         N/A       100%        4


Dungeon Overview and Level Annotations

Branches:
Dungeon (2/15)

Altars:
The Shining One

Annotations:
D:2 Robin


Message History

The hobgoblin no longer looks unusually strong.
Robin throws the goblin at you! The goblin barely misses you.
You barely miss the goblin. You slash the goblin!
You kill the goblin!
Robin roars a battlecry!
The hobgoblin goes into a battle-frenzy!
The goblin hits you with a +0 club.
* * * LOW HITPOINT WARNING * * *
You closely miss the goblin. You barely miss the goblin.
The goblin no longer looks unusually strong. x3
The goblin hits you but does no damage. You block the goblin's attack.
The goblin closely misses you. The goblin hits you but does no damage.
You barely miss the goblin. You closely miss the goblin.
A ball python comes into view.
The goblin barely misses you. The goblin completely misses you.
You miss the goblin. You barely miss the goblin.
The ball python hisses angrily.
The hobgoblin no longer looks unusually strong.
The goblin barely misses you. The goblin hits you but does no damage.
You slash the goblin!
You kill the goblin!
You slash the goblin!
You kill the goblin!
Robin throws the goblin at you! The goblin hits you but does no damage.
The hobgoblin hits you.
* * * LOW HITPOINT WARNING * * *
The goblin barely misses you.
You slash the hobgoblin!
You kill the hobgoblin!
You closely miss the goblin. You block the goblin's attack.
You closely miss the goblin. You closely miss the ball python.
The ball python bites you but does no damage.
The ball python misses you. The goblin hits you but does no damage.
The ball python bites you but does no damage.
The ball python barely misses you.
You slash the goblin!
You kill the goblin!
You closely miss the ball python.
Robin hits you from afar with a +0 trident.
You die...

*,,,,^,,,,,,,,,,,,,****,**
**,,***,....#****,,,,,,,* *,**
**#...* **,,******* *,*
#.#.***,,****** *,*
#..,,,,,,,,,,,*
*,****##gS,*********,****
*,,,,,,gK#,# *,,,,, ####
*,*****#S#.# ****** #..# *,*
#@#.### #..# *** ##)#...# #..#
#...#*,# ##.### #...#*.#
#...### #...##.###** #.#...#
##........?,****
#.###.######.....#..##,,,,*****
#.# #.............#.#****,,,,<,
#.# ########.._.....#* *******


You could see Robin, a hobgoblin, 2 ball pythons and a kobold.

Vanquished Creatures
  An orc (D:2)
  4 ball pythons
  An endoplasm (D:1)
  A giant cockroach (D:1)
  13 goblins
  3 hobgoblins
  A kobold (D:1)
  2 quokkas (D:1)
  A frilled lizard (D:1)
  8 rats (D:1)
35 creatures vanquished.

Notes
Turn   | Place    | Note
-------+----------+-------------------------------------------
     0 | D:1      | RapScallion the Hill Orc Fighter began the quest for the
                  | Orb.
     0 | D:1      | Reached XP level 1. HP: 19/19 MP: 1/1
   401 | D:1      | Reached XP level 2. HP: 24/27 MP: 2/2
   853 | D:1      | Found a faded altar of an unknown god.
  1042 | D:2      | Reached XP level 3. HP: 33/33 MP: 3/3
  1057 | D:2      | Found a glowing golden altar of the Shining One.
  1119 | D:2      | Noticed Robin
  1122 | D:2      | Reached skill level 4 in Fighting
  1138 | D:2      | Slain by Robin

Illustrated notes

Levels and vault maps discovered:
D:1:      dpeg_arrival_ratfight, layout_basic,
          chequers_ecumenical_altar_simple_redux, st_stairs_14
D:2:      layout_rooms, basic_altar, serial_shops, shop, uniq_robin

Skill      XL: |  1  2  3 |
---------------+----------+-----
Axes           | 3 |  3.6
Fighting       | 4 |  4.0
Armour         | |  3.7
Dodging        | |  0.1
Shields        | |  3.7

Action                   || total
-------------------------++-------
Melee: War axe           ||    54
  Use: Scroll            ||     3
       Potion            ||     1
Armor: Scale mail        ||    27
Dodge: Dodged            ||    28
Block: Buckler           ||    12
